 Dungeon Crawl Stone Soup version 0.21-a0-2-ge494091 (webtiles) character file.

171 Alarkh the Slasher (level 5, 0/41 HPs)
             Began as a Demonspawn Fighter on May 21, 2017.
             Slain by a bat (1 damage)
             ... in a sewer.
             The game lasted 00:03:53 (3235 turns).

Alarkh the Slasher (Demonspawn Fighter)             Turns: 3235, Time: 00:03:54

Health: 0/41       AC:  8    Str: 16    XL:     5   Next: 26%
Magic:  5/5        EV:  6    Int: 10    God:
Gold:   83         SH:  9    Dex: 15    Spells: 4/4 levels left

rFire    . . .     SeeInvis .   a - +0 long sword
rCold    . . .     Gourm    .   c - +0 shield
rNeg     . . .     Faith    .   b - +0 scale mail
rPois    +         Spirit   .   (no helmet)
rElec    .         Reflect  .   (no cloak)
rCorr    .         Harm     .   (no gloves)
MR       .....                  (no boots)
Stlth    ++........             (no amulet)
Regen    0.2/turn               k - +2 ring of protection
MPRegen  0.1/turn               l - ring of poison resistance

@: hasted, very quick
A: talons 1, thin skeletal structure 1, demonic guardian 1, nightstalker 1
a: no special abilities


You were in a sewer.
You were not hungry.

You visited 1 branch of the dungeon, and saw 3 of its levels.
You also visited: Sewer.

You collected 83 gold pieces.

Inventory:

Hand Weapons
 a - a +0 long sword (weapon)
Armour
 b - a +0 scale mail (worn)
 c - a +0 shield (worn)
Jewellery
 k - a +2 ring of protection (left hand)
 l - a ring of poison resistance (right hand)
Wands
 d - a wand of iceblast (0/15)
Scrolls
 e - a scroll of identify
 j - a scroll of fear
 m - a scroll of teleportation
 o - a scroll of magic mapping {unknown}
 q - a scroll of random uselessness {unknown}
 r - a scroll of blinking {unknown}
Comestibles
 f - 5 bread rations
 h - a meat ration
 n - 2 royal jellies
 p - 5 chunks of flesh


   Skills:
 - Level 3.0 Fighting
 + Level 5.0 Long Blades
 - Level 2.6 Armour
 - Level 2.6 Shields


You had 4 spell levels left.
You didn't know any spells.

Dungeon Overview and Level Annotations

Branches:
Dungeon (3/15)

Altars:

Annotations:
Sewer Duffy's ghost, amateur NaIE


Innate Abilities, Weirdness & Mutations

You have sharp toenails.
You have a somewhat thin skeletal structure. (Dex +2, Stealth)
A weak demonic guardian rushes to your aid.
You are slightly more attuned to the shadows.


Message History

The bat hits you.
* * * LOW HITPOINT WARNING * * *
The bat hits you but does no damage. You block the bat's attack.
Found a smoky brown potion.
You hit the bat.
The bat is heavily wounded.
You block the bat's attack. The bat hits you but does no damage.
The bat barely misses you.
You closely miss the bat.
The bat is heavily wounded.
You block the bat's attack. The bat hits you.
* * * LOW HITPOINT WARNING * * *
The bat hits you but does no damage. The bat closely misses you.
You riposte.
You slash the bat!
You kill the bat!
The bat hits you but does no damage.
Found 2 potions of might and 4 smoky brown potions.
You see here a bat corpse.
The bat hits you.
You die...

#######
###.!..!##
##.....!.!#
#...@..!#
##..b†###
#...†..###
###......##≈≈≈
###.≈....≈≈≈
≈≈≈≈≈≈≈≈≈≈≈≈≈
≈≈≈≈≈≈≈≈≈≈≈≈≈
≈≈≈≈≈≈≈≈≈≈≈≈≈≈
##############


You could see a bat.

Vanquished Creatures
  A gnoll (D:1)
  3 river rats (D:3)
  3 adders
  An ooze (D:1)
  2 worms
  4 dart slugs
  A leopard gecko (Sewer)
  An orc (D:3)
  A ball python (D:3)
  4 giant cockroaches
  2 goblins
  9 hobgoblins
  4 jackals
  9 kobolds
  7 bats
  5 frilled lizards
  6 rats
63 creatures vanquished.

Vanquished Creatures (collateral kills)
  Jessica (D:2)
  2 adders (D:3)
  A goblin (D:3)
4 creatures vanquished.

Grand Total: 67 creatures vanquished

Notes
Turn   | Place    | Note
-------+----------+-------------------------------------------
     0 | D:1      | Alarkh the Demonspawn Fighter began the quest for the Orb.
     0 | D:1      | Reached XP level 1. HP: 18/18 MP: 1/1
    27 | D:1      | Reached skill level 2 in Long Blades
   214 | D:1      | Gained mutation: You are slightly more attuned to the shadows. [demonic ancestry]
   214 | D:1      | Reached XP level 2. HP: 21/24 MP: 2/2
   773 | D:1      | Reached skill level 3 in Long Blades
   773 | D:1      | Gained mutation: A weak demonic guardian rushes to your aid. [demonic ancestry]
   773 | D:1      | Reached XP level 3. HP: 5/29 MP: 3/3
  1406 | D:2      | Noticed Jessica
  1415 | D:2      | Killed Jessica
  1830 | D:2      | Reached skill level 4 in Long Blades
  1830 | D:2      | Gained mutation: You have a somewhat thin skeletal structure. (Dex +2, Stealth) [demonic ancestry]
  1830 | D:2      | Reached XP level 4. HP: 35/35 MP: 4/4
  3058 | D:3      | Gained mutation: You have sharp toenails. [demonic ancestry]
  3058 | D:3      | Reached XP level 5. HP: 15/41 MP: 5/5
  3134 | D:3      | Reached skill level 5 in Long Blades
  3138 | D:3      | Found a glowing drain.
  3142 | Sewer    | Entered a sewer
  3211 | Sewer    | Noticed Duffy's ghost (amateur NaIE)
  3231 | Sewer    | HP: 2/41 [bat (1)]
  3235 | Sewer    | Slain by a bat

Vault maps used:
D:1:      scummos_arrival_forest
D:2:      first_bread, uniq_jessica
D:3:      lightli_sewer_entry_pipes, st_stairs_6
Sewer:    sewer_fruit_machine

Skill      XL: |  1  2  3  4  5 |
---------------+----------------+-----
Long Blades    | 2 3 4 5 |  5.0
Fighting       | |  3.0
Armour         | |  2.6
Shields        | |  2.6

Action                   |  1- 3 |  4- 6 || total
-------------------------+-------+-------++-------
Melee: Long sword        |   103 |   135 ||   238
       Kick              |       |     7 ||     7
Evoke: Wand              |       |     6 ||     6
  Use: Potion            |     1 |     3 ||     4
       Scroll            |       |     3 ||     3
  Eat: Chunk             |     3 |     5 ||     8
Armor: Scale mail        |    45 |    73 ||   118
Dodge: Dodged            |    20 |    35 ||    55
Block: Shield            |    54 |    87 ||   141
       Rpst.: Long sword |     7 |    12 ||    19
